AoeStats
← patitocarlos

Arabia

510353065Analyzed
1v1 RM · 2d ago on Sep 30, 2026· 37m 26s· 2 players
Game mode
Random Map
Map size
Tiny (2 player)
Population
200
Speed
Normal
Resources
Standard
Victory
Conquest
Starting age
Dark Age
Ending age
Imperial Age
RankedLock teamsTeams togetherTeam positionsShared explorationLock speedFull tech treeHidden civsTurbo modeCheats
Victory
Defeat
🇨🇱 Mapuche · Chile
186
+21
🇪🇸 Gurjaras · Spain
291
-21
patitocarlos
10:58 Feudal Age
15:37 Castle Age
15:06 Double-Bit Axe
15:09 Horse Collar
18:21 Wheelbarrow
21:24 Hand Cart
21:38 Bow Saw
21:34 Heavy Plow
23:59 Pikeman
25:31 Scale Mail Armor
27:36 Gold Mining
31:54 Imperial Age
30:35 Elite Skirmisher
32:46 Forging
32:28 Fletching
32:38 Padded Archer Armor
32:49 Butalmapu
32:53 Elite Kona
34:12 Iron Casting
35:36 Capped Ram
37:32 Blast Furnace
36:30 Bodkin Arrow
36:35 Padded Archer Armor
37:02 Malon
BBR
7:45 Loom
9:50 Feudal Age
11:13 Wheelbarrow
10:21 Horse Collar
10:34 Double-Bit Axe
14:59 Town Watch
18:49 Bloodlines
22:44 Man-at-Arms
25:16 Forging
27:55 Padded Archer Armor
30:01 Castle Age
31:39 Hand Cart
Connection lost

Rejoining the realm…

Still unreachable

The connection could not be restored.

Session expired

The server has moved on; the page needs a fresh start.